 Dungeon Crawl Stone Soup version 0.26.1-11-gd32895ea62 (webtiles) character file.

Game seed: 12555814308201187032

2588 Almogavar the Carver (level 9, -1/126 HPs)
             Began as a Palentonga Berserker on July 21, 2021.
             Was a Priest of Trog.
             Slain by a two-headed ogre
             ... wielding a +0 dire flail
              (5 damage)
             ... on level 7 of the Dungeon.
             The game lasted 00:16:04 (8199 turns).

Almogavar the Carver (Palentonga Berserker)         Turns: 8199, Time: 00:16:05

Health: -1/126     AC: 11    Str: 23      XL:     9   Next: 32%
Magic:  9/9        EV: 11    Int:  8 (9)  God:    Trog [***...]
Gold:   317        SH:  3    Dex:  8 (9)  Spells: 8/8 levels left

rFire    x . .     SeeInvis +   a - +0 falchion
rCold    + . .     Faith    .   i - +0 buckler
rNeg     . . .     Spirit   .   b - +0 animal skin
rPois    .         Reflect  .   (no helmet)
rElec    .         Harm     .   j - scarf {shadows}
rCorr    .         Rampage  .   (no gloves)
Will     ++...                  (no barding)
Stlth    ..........             (no amulet)
HPRegen  1.31/turn              u - ring of ice
MPRegen  0.11/turn              (no ring)

@: berserking, regenerating, curled up, very quick
A: large, rugged brown scales 3, see invisible, deformed body, roll 1, armoured
tail, reflexive curl
a: Rolling Charge, Renounce Religion, Berserk, Trog's Hand


You were on level 7 of the Dungeon.
You worshipped Trog.
Trog was most pleased with you.
You visited 1 branch of the dungeon, and saw 7 of its levels.

You collected 317 gold pieces.

Inventory:

Hand Weapons
 a - a +0 falchion (weapon)
Armour
 b - a +0 animal skin (worn)
 c - a +0 ring mail
 i - a +0 buckler (worn)
 j - a scarf of shadows (worn)
 k - a +0 plate armour
 l - a +0 chain mail
 t - a +0 scale mail
Jewellery
 u - a ring of ice (left hand)
Wands
 d - a wand of digging (6)
 g - a wand of iceblast (5)
 p - a wand of disintegration (10)
 r - a wand of flame (29)
Scrolls
 f - 9 scrolls of remove curse
 h - 2 scrolls of fear
 m - 2 scrolls of blinking
 q - a scroll of magic mapping {unknown}
 s - a scroll of enchant armour {unknown}
 v - a scroll of fog {unknown}
Potions
 e - a potion of curing
 n - 3 potions of flight
 o - a potion of magic {unknown}


   Skills:
 + Level 7.0 Fighting
 + Level 9.6 Long Blades
 + Level 1.7 Armour
 + Level 4.8 Dodging
 - Level 0.7 Stealth
 + Level 1.7 Shields


You had 8 spell levels left.
You didn't know any spells.
Your spell library was empty.

Dungeon Overview and Level Annotations

Branches:
Dungeon (7/15)             Temple (0/1) D:5

Altars:
Dithmenos
Elyvilon
Hepliaklqana
Vehumet
Wu Jian
Xom
Yredelemnul
The Shining One

Shops:
D:6 =


Innate Abilities, Weirdness & Mutations

You are completely covered in rugged brown scales. (AC +3, +7% HP)
You have supernaturally acute eyesight. (SInv)
Armour fits poorly on your strangely shaped body.
You can roll at nearby foes to attack.
You have a long armoured tail.
You curl defensively after being hit.


Message History

You see here a howler monkey corpse.
Your skin crawls.
You feel strong-willed.
The two-headed ogre hits you with a +0 dire flail!!
* * * LOW HITPOINT WARNING * * *
You block the two-headed ogre's attack.
A red film seems to cover your vision as you go berserk!
You feel yourself moving faster!
You feel mighty!
You slash the two-headed ogre!
The two-headed ogre is lightly wounded.
The two-headed ogre hits you with a +0 dire flail!
* * * LOW HITPOINT WARNING * * *
The two-headed ogre hits you with a +0 giant club!
* * * LOW HITPOINT WARNING * * *
You slash the two-headed ogre!
The two-headed ogre is moderately wounded.
You closely miss the two-headed ogre.
The two-headed ogre is moderately wounded.
The two-headed ogre hits you with a +0 dire flail.
You die...

.... .....
.....
####....
..... # #
#.O##.##
.#..##@......
..>...<......
########.....
...## ..# ###


You could see a two-headed ogre.

Vanquished Creatures
  Pikel (D:6)
  Prince Ribbit (D:5)
  Sigmund (D:2)
  Duvessa (D:4)
  2 ice beasts (D:6)
  An orc warrior (D:6)
  2 ogres
  2 centaurs (D:5)
  2 bullfrogs (D:6)
  Dowan (D:4)
  5 howler monkeys
  2 jellies
  6 hounds
  3 orc priests
  An orc wizard (D:4)
  2 bullfrog skeletons
  Terence (D:3)
  2 iguanas
  3 worker ants
  3 adders
  2 white imps
  2 ufetubi
  2 oozes
  An adder skeleton (D:6)
  4 dart slugs
  4 leopard geckos
  14 orcs
  3 ball pythons
  2 giant cockroaches
  8 hobgoblins
  9 jackals
  5 kobolds
  3 quokkas
  8 bats
  7 frilled lizards
  2 goblins
  A quokka zombie (D:6)
  8 rats
127 creatures vanquished.

Vanquished Creatures (others)
  2 plants
2 creatures vanquished.

Grand Total: 129 creatures vanquished

Notes
Turn   | Place    | Note
-------+----------+-------------------------------------------
     0 | D:1      | Almogavar the Palentonga Berserker began the quest for the
                  | Orb.
     0 | D:1      | Reached XP level 1. HP: 20/20 MP: 1/1
   145 | D:1      | Reached XP level 2. HP: 27/27 MP: 2/2
   403 | D:1      | Reached XP level 3. HP: 31/33 MP: 3/3
   410 | D:1      | Reached ** piety under Trog
  1099 | D:2      | Reached XP level 4. HP: 31/42 MP: 4/4
  1268 | D:2      | Reached skill level 4 in Long Blades
  1276 | D:2      | Noticed Sigmund
  1283 | D:2      | Killed Sigmund
  1284 | D:2      | Reached XP level 5. HP: 49/49 MP: 5/5
  1406 | D:2      | Reached skill level 5 in Long Blades
  2012 | D:3      | Found a shadowy altar of Dithmenos.
  2171 | D:3      | Reached XP level 6. HP: 55/55 MP: 6/6
  2369 | D:3      | Reached *** piety under Trog
  2642 | D:3      | Noticed Terence
  2647 | D:3      | Killed Terence
  2790 | D:3      | Found a glowing golden altar of the Shining One.
  3244 | D:4      | Found a transporter.
  3250 | D:4      | Found a transporter.
  3284 | D:4      | Noticed Dowan
  3286 | D:4      | Noticed Duvessa
  3290 | D:4      | Killed Dowan
  3298 | D:4      | Killed Duvessa
  3299 | D:4      | Reached skill level 6 in Long Blades
  3299 | D:4      | Gained mutation: You curl defensively after being hit.
                  | [Palentonga growth]
  3299 | D:4      | Reached XP level 7. HP: 45/64 MP: 7/7
  3486 | D:4      | Reached skill level 5 in Fighting
  3754 | D:4      | Found a basalt altar of Yredelemnul.
  3893 | D:4      | Found a white marble altar of Elyvilon.
  4839 | D:5      | Entered Level 5 of the Dungeon
  4867 | D:5      | Reached skill level 7 in Long Blades
  5359 | D:5      | Found a staircase to the Ecumenical Temple.
  5428 | D:5      | Reached XP level 8. HP: 66/73 MP: 8/8
  5836 | D:5      | Noticed Prince Ribbit
  5848 | D:5      | Killed Prince Ribbit
  5849 | D:5      | Reached skill level 8 in Long Blades
  6096 | D:5      | Reached skill level 1 in Shields
  6356 | D:6      | Found an ornate altar of the Wu Jian Council.
  6849 | D:6      | Found a radiant altar of Vehumet.
  7020 | D:6      | Found Qeddagg's Jewellery Emporium.
  7075 | D:6      | Reached skill level 9 in Long Blades
  7340 | D:6      | Noticed Pikel
  7348 | D:6      | Killed Pikel
  7349 | D:6      | Reached XP level 9. HP: 40/83 MP: 9/9
  7778 | D:6      | Found a hazy altar of Hepliaklqana.
  7779 | D:6      | Found a shimmering altar of Xom.
  7780 | D:6      | Noticed a spectral ugly thing
  8192 | D:7      | Noticed a two-headed ogre
  8197 | D:7      | HP: 2/126 [two-headed ogre/+0 dire flail (11)]
  8199 | D:7      | Slain by a two-headed ogre

Illustrated notes

Levels and vault maps discovered:
D:1:      beargit_arrival_greenhouse, layout_rooms
D:2:      layout_basic, serial_forest, infiniplex_forest_clump_curved,
          infiniplex_forest_join, infiniplex_forest_lined_room_3,
          infiniplex_forest_lined_room_3, infiniplex_forest_lined_2,
          infiniplex_forest_lined_4_way, infiniplex_forest_lined_2,
          infiniplex_forest_clump_medium, uniq_sigmund
D:3:      layout_basic, general_overflow_altar,
          grunt_dithmenos_smoke_and_mirrors, uniq_terence
D:4:      gammafunk_wand_slinger, layout_cave_pods, kennysheep_ying_yang,
          uniq_duvessa
D:5:      layout_loops_corners, lemuel_temple_firewalk_b,
          kennysheep_minor_cross, uniq_prince_ribbit1
D:6:      layout_basic, regret_index_temple_of_mockery,
          nicolae_overflow_crystal_walls, vehumet_altar_wand_db, serial_shops,
          shop, minmay_strange_pillars, uniq_pikel
D:7:      layout_basic, grunt_gozag_breadcrumbs

Skill      XL: |  1  2  3  4  5  6  7  8  9 |
---------------+----------------------------+-----
Dodging        | 2 3 4 |  4.8
Long Blades    | 4 5 6 7 9 |  9.6
Fighting       | 4 5 6 7 |  7.0
Shields        | 1 |  1.7
Armour         | |  1.7
Stealth        | |  0.7

Action                   |  1- 3 |  4- 6 |  7- 9 || total
-------------------------+-------+-------+-------++-------
Melee: Falchion          |   110 |   102 |   281 ||   493
       Tailslap          |     9 |    19 |    36 ||    64
Invok: Berserk           |     1 |     2 |     6 ||     9
       Trog's Hand       |       |       |     4 ||     4
 Abil: Rolling Charge    |    20 |    28 |    28 ||    76
  Use: Scroll            |       |     4 |     3 ||     7
       Potion            |       |       |     4 ||     4
Armor: Animal skin       |    43 |    20 |    65 ||   128
Dodge: Dodged            |    79 |    34 |   124 ||   237
Block: Buckler           |       |     1 |    39 ||    40
       Rpst.: Falchion   |    12 |    15 |    41 ||    68
